 Dungeon Crawl Stone Soup version 0.26.1-11-gd32895ea62 (webtiles) character file.

Game seed: 18043921626163264421

812 alphawulf the Archer (level 7, -1/84 HPs)
             Began as a Gnoll Hunter on July 2, 2021.
             Was a Follower of Okawaru.
             Slain by a white imp (3 damage)
             ... on level 6 of the Dungeon.
             The game lasted 00:18:10 (4763 turns).

alphawulf the Archer (Gnoll Hunter)                 Turns: 4763, Time: 00:18:11

Health: -1/84      AC:  6    Str: 17    XL:     7   Next: 93%
Magic:  11/11      EV: 12    Int: 13    God:    Okawaru [*.....]
Gold:   143        SH:  0    Dex: 15    Spells: 11/11 levels left

rFire    . . .     SeeInvis .   b - +1 halberd
rCold    . . .     Faith    .   (shield currently unavailable)
rNeg     . . .     Spirit   .   g - +0 scale mail
rPois    +         Reflect  .   (no helmet)
rElec    .         Harm     .   (no cloak)
rCorr    .         Rampage  .   (no gloves)
Will     .....                  (no boots)
Stlth    ..........             (no amulet)
HPRegen  0.24/turn              n - ring of poison resistance
MPRegen  0.12/turn              (no ring)

@: berserking, very quick
A: distributed training, fangs 1, strong nose
a: Renounce Religion, Heroism


You were on level 6 of the Dungeon.
You worshipped Okawaru.
Okawaru was aware of your devotion.
You visited 2 branches of the dungeon, and saw 7 of its levels.

You collected 143 gold pieces.

Inventory:

Hand Weapons
 a - a +1 shortbow
 b - a +1 halberd (weapon)
Missiles
 h - 2 arrows
 i - 36 bolts
Armour
 g - a +0 scale mail (worn)
Jewellery
 d - a +4 ring of protection {unknown}
 n - a ring of poison resistance (left hand)
Wands
 p - a wand of polymorph (7)
Scrolls
 e - 3 scrolls of remove curse
 k - 3 scrolls of teleportation
 o - a scroll of amnesia
 r - a scroll of fog
Potions
 c - a potion of attraction
 f - a potion of brilliance
 l - a potion of cancellation {unknown}
 m - a potion of berserk rage
 s - 2 potions of heal wounds {unknown}


   Skills:
 + Level 5.4 Fighting
 + Level 2.8 Short Blades
 + Level 2.8 Long Blades
 + Level 2.8 Axes
 + Level 2.8 Maces & Flails
 + Level 2.8 Polearms
 + Level 2.8 Staves
 + Level 2.8 Slings
 + Level 9.0 Bows
 + Level 2.8 Crossbows
 + Level 2.8 Throwing
 + Level 2.8 Armour
 + Level 5.4 Dodging
 + Level 3.7 Stealth
 + Level 2.8 Shields
 + Level 2.8 Unarmed Combat
 + Level 2.8 Spellcasting
 + Level 2.2 Conjurations
 + Level 2.2 Hexes
 + Level 2.2 Summonings
 + Level 2.2 Necromancy
 + Level 2.2 Translocations
 + Level 2.2 Transmutations
 + Level 2.2 Fire Magic
 + Level 2.2 Ice Magic
 + Level 2.2 Air Magic
 + Level 2.2 Earth Magic
 + Level 2.2 Poison Magic
 + Level 3.1 Invocations
 + Level 2.8 Evocations


You had 11 spell levels left.
You didn't know any spells.
Your spell library was empty.

Dungeon Overview and Level Annotations

Branches:
Dungeon (6/15)             Temple (1/1) D:4

Altars:
Dithmenos
Fedhas
Gozag
Hepliaklqana
Kikubaaqudgha
Makhleb
Nemelex Xobeh
Okawaru
Qazlal
Sif Muna
Trog
Uskayaw
Wu Jian
Yredelemnul
The Shining One

Annotations:
D:5 Pikel


Innate Abilities, Weirdness & Mutations

Your experience applies equally to all skills.
You have very sharp teeth.
Your uncanny sense of smell can sniff out nearby items.


Message History

The orc wizard hits you but does no damage.
It was a potion of berserk rage.
A red film seems to cover your vision as you go berserk!
You feel yourself moving faster!
You feel mighty!
The centaur shoots an arrow.
The arrow hits you.
* * * LOW HITPOINT WARNING * * *
The orc wizard hits you with a +0 dagger.
* * * LOW HITPOINT WARNING * * *
The white imp barely misses you. The orc wizard barely misses you.
You are too berserk!
You barely miss the orc wizard.
The orc wizard is moderately wounded.
The centaur shoots an arrow.
The arrow barely misses you.
The centaur shoots an arrow.
The arrow closely misses you.
The orc wizard hits you with a +0 dagger.
* * * LOW HITPOINT WARNING * * *
The white imp hits you.
* * * LOW HITPOINT WARNING * * *
The white imp freezes you.
You die...

.....# .. ..>....# .. .
#######. #....# ##.#
..#....... #....###..
........# .#....#.##
#......# .##.#)#...
#(.....# ##.##.#†.)(.
###.(.(5.####..##....)..
.(....o@....#.####...#).
###.....oc#..........#..
#.............####.#..
#####.........# #.###
#...#.......##.. #
#..#.#....##......#
....#.#....# ###....
#.##........# ..### #
....(..# ##


You could see a centaur, 2 orc wizards and a white imp.

Vanquished Creatures
  Grinder (D:5)
  A phantom (D:4)
  A scorpion (D:5)
  2 howler monkeys
  A bullfrog zombie (D:6)
  2 orc priests
  A bullfrog skeleton (D:5)
  Terence (D:2)
  An orc wizard (D:4)
  3 worker ants (D:5)
  2 hound skeletons
  A gnoll (D:1)
  4 adders
  2 ufetubi
  2 oozes
  2 worms
  A dart slug (D:2)
  4 leopard geckos
  14 orcs
  2 bats (D:1)
  2 giant cockroaches
  9 goblins
  6 hobgoblins
  2 jackals (D:6)
  A quokka (D:2)
  8 frilled lizards
  2 jackal skeletons
  10 kobolds
  A quokka zombie (D:5)
  3 rats
92 creatures vanquished.

Notes
Turn   | Place    | Note
-------+----------+-------------------------------------------
     0 | D:1      | alphawulf the Gnoll Hunter began the quest for the Orb.
     0 | D:1      | Reached XP level 1. HP: 20/20 MP: 1/1
   128 | D:1      | Reached XP level 2. HP: 26/26 MP: 2/2
   302 | D:1      | Reached XP level 3. HP: 31/31 MP: 3/3
   548 | D:1      | Reached skill level 1 in Invocations
   928 | D:2      | Reached skill level 1 in Short Blades
   928 | D:2      | Reached skill level 1 in Long Blades
   928 | D:2      | Reached skill level 1 in Axes
   928 | D:2      | Reached skill level 1 in Maces & Flails
   928 | D:2      | Reached skill level 1 in Polearms
   928 | D:2      | Reached skill level 1 in Staves
   928 | D:2      | Reached skill level 1 in Slings
   928 | D:2      | Reached skill level 1 in Crossbows
   928 | D:2      | Reached skill level 1 in Throwing
   928 | D:2      | Reached skill level 1 in Armour
   928 | D:2      | Reached skill level 1 in Shields
   928 | D:2      | Reached skill level 1 in Unarmed Combat
   928 | D:2      | Reached skill level 1 in Spellcasting
   928 | D:2      | Reached skill level 1 in Evocations
   966 | D:2      | Reached XP level 4. HP: 38/38 MP: 5/5
  1050 | D:2      | Noticed Terence
  1061 | D:2      | Killed Terence
  1184 | D:2      | Reached skill level 1 in Conjurations
  1184 | D:2      | Reached skill level 1 in Hexes
  1184 | D:2      | Reached skill level 1 in Summonings
  1184 | D:2      | Reached skill level 1 in Necromancy
  1184 | D:2      | Reached skill level 1 in Translocations
  1184 | D:2      | Reached skill level 1 in Transmutations
  1184 | D:2      | Reached skill level 1 in Fire Magic
  1184 | D:2      | Reached skill level 1 in Ice Magic
  1184 | D:2      | Reached skill level 1 in Air Magic
  1184 | D:2      | Reached skill level 1 in Earth Magic
  1184 | D:2      | Reached skill level 1 in Poison Magic
  1235 | D:2      | Found a shadowy altar of Dithmenos.
  1235 | D:2      | Noticed a shadow
  1237 | D:2      | Found a hazy altar of Hepliaklqana.
  1673 | D:3      | Found a hide-covered altar of Uskayaw.
  1673 | D:3      | Noticed a +0 hand axe
  1674 | D:3      | Noticed a +0 dagger
  1731 | D:3      | Reached XP level 5. HP: 13/43 MP: 5/7
  2575 | D:4      | Found a staircase to the Ecumenical Temple.
  2584 | Temple   | Entered the Ecumenical Temple
  2735 | Temple   | Became a worshipper of Warmaster Okawaru
  2836 | D:4      | Noticed a phantom
  2876 | D:4      | Killed a phantom
  2877 | D:4      | Reached XP level 6. HP: 16/50 MP: 8/8
  3126 | D:4      | Reached skill level 5 in Fighting
  3126 | D:4      | Reached skill level 5 in Dodging
  3167 | D:4      | Found an opulent altar of Gozag.
  3473 | D:5      | Entered Level 5 of the Dungeon
  3493 | D:5      | Noticed Pikel
  3653 | D:5      | Reached XP level 7. HP: 55/56 MP: 10/10
  3740 | D:5      | Reached * piety under Okawaru
  3855 | D:5      | Noticed Grinder
  3864 | D:5      | Paralysed by Grinder for 7 turns
  3878 | D:5      | Killed Grinder
  3879 | D:5      | Reached skill level 9 in Bows
  4167 | D:5      | Found an ornate altar of the Wu Jian Council.
  4263 | D:5      | HP: 2/56 [lemure[Pikel] (2)]
  4763 | D:6      | HP: 3/84 [orc wizard/+0 dagger (3)]
  4763 | D:6      | Slain by a white imp

Illustrated notes

Levels and vault maps discovered:
D:1:      evilmike_arrival_crescent, layout_basic
D:2:      layout_loops_cross, riverfiend_overflow_shadow_ancestor,
          nicolae_overflow_crystal_walls, chequers_ecumenical_altar_twisty,
          chequers_arboretum, uniq_terence
D:3:      layout_basic, dancing_weapons_uskayaw
D:4:      layout_rooms, grunt_gozag_statues, minmay_temple_entry_stoned_glass
D:5:      layout_basic, zin_academy, basic_altar, uniq_grinder, uniq_pikel
D:6:      layout_rooms, nicolae_ru_great_annihilating_truth, tgw_sif
Temple:   minmay_temple_curvy_loop

Skill      XL: |  1  2  3  4  5  6  7 |
---------------+----------------------+-----
Invocations    | 1 2 3 |  3.1
Short Blades   | 1 2 |  2.8
Long Blades    | 1 2 |  2.8
Axes           | 1 2 |  2.8
Maces & Flails | 1 2 |  2.8
Polearms       | 1 2 |  2.8
Staves         | 1 2 |  2.8
Slings         | 1 2 |  2.8
Crossbows      | 1 2 |  2.8
Throwing       | 1 2 |  2.8
Armour         | 1 2 |  2.8
Shields        | 1 2 |  2.8
Unarmed Combat | 1 2 |  2.8
Spellcasting   | 1 2 |  2.8
Evocations     | 1 2 |  2.8
Conjurations   | 1 2 |  2.2
Hexes          | 1 2 |  2.2
Summonings     | 1 2 |  2.2
Necromancy     | 1 2 |  2.2
Translocations | 1 2 |  2.2
Transmutations | 1 2 |  2.2
Fire Magic     | 1 2 |  2.2
Ice Magic      | 1 2 |  2.2
Air Magic      | 1 2 |  2.2
Earth Magic    | 1 2 |  2.2
Poison Magic   | 1 2 |  2.2
Stealth        | 3 |  3.7
Fighting       | 5 |  5.4
Dodging        | 5 |  5.4
Bows           | 9 |  9.0

Action                   |  1- 3 |  4- 6 |  7- 9 || total
-------------------------+-------+-------+-------++-------
Melee: Dagger            |     2 |       |       ||     2
       Halberd           |    18 |   113 |    60 ||   191
       Bite              |     1 |    15 |     9 ||    25
 Fire: Shortbow          |    44 |    69 |    30 ||   143
Invok: Heroism           |       |       |     2 ||     2
  Use: Scroll            |       |     6 |     4 ||    10
       Potion            |       |     1 |     3 ||     4
 Stab: Sleeping          |     2 |       |       ||     2
Armor: Leather armour    |     5 |       |       ||     5
       Scale mail        |       |    32 |    30 ||    62
Dodge: Dodged            |    19 |    79 |    62 ||   160
